 Dungeon Crawl Stone Soup version 0.17.0-56-gd8de76c (webtiles) character file.

89 Elvalys the Magician (level 4, -6/21 HPs)
             Began as a Deep Elf Wizard on Dec 4, 2015.
             Killed from afar by an orc wizard (7 damage)
             ... with a puff of flame
             ... on level 3 of the Dungeon.
             The game lasted 00:16:07 (2364 turns).

Elvalys the Magician (Deep Elf Wizard)              Turns: 2364, Time: 00:16:08

Health: -6/21      AC:  1    Str:  4    XL:     4   Next: 31%
Magic:  3/14       EV: 12    Int: 26    God:
Gold:   130        SH:  0    Dex: 11    Spells: 3 memorised, 9 levels left

rFire  . . .     SeeInvis .     s - +0 dagger
rCold  + . .     Clarity  .     a - +0 robe
rNeg   . . .     SustAt   .     (no shield)
rPois  .         Gourm    .     b - +0 hat
rElec  .         Spirit   .     l - -2 cloak (curse)
rCorr  .         Warding  .     (no gloves)
rMut   .         Stasis   .     (no boots)
MR     .....                    j - amulet of rage
Stlth  ++........               (no ring)
                                m - ring of protection from cold

@: very slightly contaminated, not resistant to hostile enchantments, unstealthy
A: clever 1, clumsy 1, frail 1
a: Evoke Berserk Rage


You were on level 3 of the Dungeon.
You were not hungry.

You visited 1 branch of the dungeon, and saw 3 of its levels.

You collected 130 gold pieces.

Inventory:

Hand Weapons
 s - a +0 dagger (weapon)
 t - a cursed -3 short sword
 w - a +0 blowgun
Missiles
 e - 41 poisoned needles
Armour
 a - a +0 robe (worn)
 b - a +0 hat (worn)
 l - a cursed -2 cloak (worn)
Jewellery
 h - an uncursed amulet of stasis
 j - an amulet of rage (around neck)
 m - a ring of protection from cold (left hand)
Scrolls
 d - a scroll of enchant armour {unknown}
 r - 3 scrolls of identify
Potions
 f - a potion of ambrosia
 g - a potion of degeneration {unknown}
 i - a potion of haste {unknown}
 k - a potion of brilliance {unknown}
 o - a potion of agility {unknown}
 p - a potion of heal wounds {unknown}
 u - 2 potions of curing {unknown}
 v - a potion of mutation
Books
 c - a book of Minor Magic

   Spells                             Type                      Level
   a - Magic Dart                     Conjuration                  1
   b - Blink                          Translocation                2
   c - Call Imp                       Summoning                    2
   d - Repel Missiles                 Charms/Air                   2
   e - Slow                           Hexes                        2
   f - Conjure Flame                  Conjuration/Fire             3
   g - Mephitic Cloud                 Conjuration/Poison/Air       3
Comestibles
 q - 2 meat rations


   Skills:
 - Level 2.6 Dodging
 * Level 3.3 Stealth
 + Level 6.1 Spellcasting
 + Level 1.4 Conjurations
 * Level 2.0 Charms
   Level 1.1 Summonings
   Level 1.1 Translocations


You had 9 spell levels left.
You knew the following spells:

 Your Spells              Type           Power        Failure   Level  Hunger
a - Magic Dart            Conj           ###.         4%          1    None
b - Repel Missiles        Chrm/Air       ##....       10%         2    None
c - Mephitic Cloud        Conj/Pois/Air  ##......     17%         3    None


Dungeon Overview and Level Annotations

Branches:
Dungeon (3/15)

Altars:
Ru


Innate Abilities, Weirdness & Mutations

Your mind is acute. (Int +2)
You are clumsy. (Dex -2)
You are frail (-10% HP).


Message History

Aiming: Magic Dart
Press: ? - help, Shift-Dir - straight line, f/p - orc
Aim: an orc, wielding a hand axe and wearing a chain mail (severely wounded)
The magic dart hits the orc.
You kill the orc!
A magic dart appears from out of thin air!
The magic dart hits you!
* * * LOW HITPOINT WARNING * * *
Casting: Magic Dart
Confirm with . or Enter, or press ? or * to list all spells.
You can't see any susceptible monsters within range! (Use Z to cast anyway.) Unknown command.
A puff of frost appears from out of thin air!
The puff of frost hits you! You resist.
* * * LOW HITPOINT WARNING * * *
It was a potion of mutation.
You feel extremely strange.
You feel clumsy.
You feel clever.
You feel frail.
A puff of flame appears from out of thin air!
The puff of flame hits you!
You die...

.#.###### .#......# ##.####.#
##.# #.# ...# #.# ##.####.## #
.#.#.....# .#
.........#################..#.)
.#...###..(.....@..{..)........
..........#############........
.(.).(.#..##<# #.......#.$
>..#.#.#..##.# #..%....#
.....#.#####.# #..........
..####....##.# #$......##. ###
####.##.# #.[......# #.##.#
###.####.# #.##.#### #.# .#


There were no monsters in sight!

Vanquished Creatures
  3 adders
  7 orcs (D:3)
  5 giant cockroaches
  6 hobgoblins
  A quokka (D:2)
  2 ball pythons
  3 bats
  5 giant newts
  7 goblins
  12 kobolds
  7 rats
58 creatures vanquished.

Notes
Turn   | Place    | Note
--------------------------------------------------------------
     0 | D:1      | Elvalys the Deep Elf Wizard began the quest for the Orb.
     0 | D:1      | Reached XP level 1. HP: 10/10 MP: 7/7
   416 | D:1      | Reached skill level 5 in Spellcasting
   493 | D:1      | Reached XP level 2. HP: 15/15 MP: 8/10
   497 | D:1      | Learned a level 2 spell: Repel Missiles
  1339 | D:2      | Reached XP level 3. HP: 19/19 MP: 7/12
  1830 | D:2      | Found a sacrificial altar of Ru.
  1837 | D:2      | Reached skill level 1 in Charms
  2223 | D:3      | Reached XP level 4. HP: 24/24 MP: 11/13
  2228 | D:3      | Learned a level 3 spell: Mephitic Cloud
  2249 | D:3      | Reached skill level 6 in Spellcasting
  2359 | D:3      | HP: 1/24 [something/puff of frost (3)]
  2363 | D:3      | Gained mutation: You are clumsy. (Dex -2) [potion of mutation]
  2363 | D:3      | Gained mutation: Your mind is acute. (Int +2) [potion of mutation]
  2363 | D:3      | Gained mutation: You are frail (-10% HP). [potion of mutation]
  2364 | D:3      | Killed from afar by an orc wizard

Action                   |  1- 3 |  4- 6 || total
-------------------------+-------+-------++-------
Melee: Unarmed           |     1 |       ||     1
       Dagger            |     3 |     1 ||     4
 Cast: Magic Dart        |    97 |    18 ||   115
  Use: Scroll            |     2 |       ||     2
       Potion            |       |     1 ||     1
 Stab: Sleeping          |     3 |     1 ||     4
  Eat: Chunk             |     1 |       ||     1
       Bread ration      |     1 |       ||     1
